 Dungeon Crawl Stone Soup version 0.30-a0-739-gea05faddec (console) character file.

Game seed: 3568072222019533343

102907 rlgrobin the Grappler (level 15, -9/143 HPs)
             Began as a Troll Ice Elementalist on Feb 4, 2023.
             Was the Champion of Cheibriados.
             Mangled by a white very ugly thing (10 damage)
             ... on level 15 of the Dungeon.
             The game lasted 01:02:48 (18160 turns).

rlgrobin the Grappler (Troll Ice Elementalist)     Turns: 18160, Time: 01:02:49

Health: -9/143     AC: 17    Str: 35      XL:     15   Next: 87%
Magic:  25/25      EV: 19    Int: 29 (32) God:    Cheibriados [******]
Gold:   2333       SH:  5    Dex: 29      Spells: 14/29 levels left

rFire   + . .      SeeInvis .      - Unarmed
rCold   + . .      Faith    .    (no shield)
rNeg    . . .      Spirit   .    J - +3 troll leather armour {Snorg}
rPois   .          Reflect  +    (helmet restricted)
rElec   .          Harm     .    C - scarf {rC+ rF+}
rCorr   .          Rampage  .    (gloves unavailable)
Will    +....                    (boots unavailable)
Stlth   ++                       A - amulet of reflection
HPRegen 2.03/turn                K - ring of Raol {AC+4 Dex+4}
MPRegen 0.19/turn                H - +4 ring of protection

@: very slow
A: large, unfitting armour, claws 3, regeneration 1, shaggy fur 1, tough skin 1
a: Renounce Religion, Bend Time, Temporal Distortion, Slouch, Step From Time


You were on level 15 of the Dungeon.
You worshipped Cheibriados.
Cheibriados was exalted by your worship.
You visited 2 branches of the dungeon, and saw 20 of its levels.
You also visited: Sewer, Ice Cave and Volcano.

You collected 2333 gold pieces.

Inventory:

Missiles
 i - 6 curare-tipped darts (quivered)
 u - a throwing net
Armour
 j - a +0 kite shield
 l - an orb of wrath
 C - a scarf of resistance (worn)
 F - quicksilver dragon scales
 J - a +3 troll leather armour (worn) {Snorg}
Jewellery
 a - an amulet of magic regeneration
 e - an amulet of faith
 n - a ring of see invisible
 x - a ring of resist corrosion
 A - an amulet of reflection (around neck)
 H - a +4 ring of protection (right claw)
 I - a +6 ring of dexterity
 K - the ring of Raol (left claw) {AC+4 Dex+4}
   (You found it on level 11 of the Dungeon)

   [ring of protection]

   AC:        It affects your AC (+4).
   Dex:       It affects your dexterity (+4).
 N - a ring of protection from cold
Wands
 p - a wand of mindburst (17)
 q - a wand of digging (6)
 v - a wand of acid (13)
 y - a wand of flame (94)
 G - a wand of polymorph (2)
 P - a wand of charming (9)
Scrolls
 f - 4 scrolls of immolation
 h - 4 scrolls of magic mapping
 k - 6 scrolls of identify
 w - 4 scrolls of fog
 B - 3 scrolls of blinking
 E - 4 scrolls of teleportation
 M - a scroll of fear
 Q - a scroll of silence
Potions
 b - 5 potions of magic
 c - 6 potions of curing
 d - 7 potions of cancellation
 g - 7 potions of might
 m - 3 potions of lignification
 o - 5 potions of ambrosia
 r - 3 potions of brilliance
 t - 3 potions of flight
 z - 6 potions of heal wounds
 D - 2 potions of attraction
Miscellaneous
 s - a condenser vane
 L - a phial of floods
 O - a box of beasts


   Skills:
 - Level 8.3 Fighting
 - Level 10.0 Dodging
 - Level 1.0 Stealth
 - Level 14.5 Unarmed Combat
 + Level 7.7 Spellcasting
 - Level 4.5 Summonings
 - Level 9.0 Ice Magic
 + Level 9.4 Invocations
 - Level 3.9 Evocations


You had 14 spell levels left.
You knew the following spells:

 Your Spells              Type           Power      Damage    Failure   Level
a - Freeze                Ice            100%       1d10      1%          1
b - Ozocubu's Armour      Ice            59%        N/A       1%          3
c - Frozen Ramparts       Ice            100%       1d16      1%          3
d - Summon Ice Beast      Ice/Summ       50%        N/A       3%          4
e - Ice Form              Ice/Tmut       37%        N/A       9%          4

Your spell library contained the following spells:

 Spells                   Type           Power      Damage    Failure   Level
 Beastly Appendage        Tmut           22%        N/A       5%          1
 Foxfire                  Conj/Fire      44%        2x1d6     5%          1
 Sandblast                Erth           22%        2d7       5%          1
 Slow                     Hex            44%        N/A       5%          1
 Lesser Beckoning         Tloc           22%        N/A       8%          2
 Passwall                 Tmut/Erth      9%         N/A       8%          2
 Wereblood                Tmut           11%        N/A       8%          2
 Confusing Touch          Hex            11%        N/A       16%         3
 Gell's Gravitas          Tloc           11%        N/A       16%         3
 Inner Flame              Hex/Fire       11%        N/A       16%         3
 Spider Form              Tmut/Pois      11%        N/A       16%         3
 Stone Arrow              Conj/Erth      22%        3d8       16%         3
 Teleport Other           Tloc           11%        N/A       16%         3
 Vampiric Draining        Necr           11%        2d6       16%         3
 Animate Dead             Necr           11%        N/A       45%         4
 Flame Wave               Conj/Fire      11%        2d6       45%         4
 Leda's Liquefaction      Hex/Erth       5%         N/A       45%         4
 Sticky Flame             Conj/Fire      11%        2d3       45%         4
 Summon Mana Viper        Hex/Summ       24%        N/A       50%         5
 Borgnjor's Vile Clutch   Necr/Erth      5%         N/A       82%         5
 Fireball                 Conj/Fire      5%         3d5       82%         5
 Lee's Rapid Deconstruct  Erth           5%         3d6*      82%         5
 Death Channel            Necr           5%         N/A       100%        6
 Starburst                Conj/Fire      5%         6d4       100%        6
 Statue Form              Tmut/Erth      7%         N/A       100%        6
 Haunt                    Necr/Summ      12%        N/A       100%        7
 Monstrous Menagerie      Summ           18%        N/A       100%        7
 Infestation              Necr           5%         N/A       100%        8


Dungeon Overview and Level Annotations

Branches:
Dungeon (15/15)            Temple (0/1) D:6            Lair (5/5) D:10
  Swamp (0/4) Lair:2        Snake (0/4) Lair:3        Slime (0/5) Lair:5
    Orc (0/2) D:12         Vaults (0/5) D:13          Sewer (visited)
  IceCv (visited)         Volcano (visited)
 Depths: D:15

Altars:
Ashenzari
Cheibriados
Hepliaklqana
Qazlal

Portals:
Abyss: D:9

Annotations:
D:9 2 transporters, MackTheKnife's ghost, novice FoWn


Innate Abilities, Weirdness & Mutations

You are too large for most types of armour.
You have claws for hands.
Your natural rate of healing is unusually fast.
You are covered in fur. (AC +1)
You have tough skin. (AC +1)


Message History

A white very ugly thing comes into view.
You mangle the enormous slime creature!!
The enormous slime creature is lightly wounded.
You eviscerate the enormous slime creature!!!
You claw the enormous slime creature!
The enormous slime creature is moderately wounded.
You eviscerate the enormous slime creature!!!
You claw the enormous slime creature!
The enormous slime creature is heavily wounded.
The enormous slime creature hits you!
You barely miss the enormous slime creature.
The enormous slime creature is heavily wounded.
You eviscerate the enormous slime creature!!!
The enormous slime creature is severely wounded.
The white very ugly thing stings you! The white very ugly thing freezes you!
You resist. The enormous slime creature hits you.
You mangle the enormous slime creature!!
The enormous slime creature is severely wounded.
The white very ugly thing stings you but does no damage.
The enormous slime creature barely misses you.
You claw the enormous slime creature!
The enormous slime creature is almost dead.
You mangle the enormous slime creature!!
The enormous slime creature is almost dead.
The white very ugly thing stings you. The white very ugly thing freezes you!!
You resist.
The enormous slime creature closely misses you.
You barely miss the enormous slime creature.
The enormous slime creature is almost dead.
The white very ugly thing stings you! The white very ugly thing freezes you!
You resist. The enormous slime creature hits you!!!
* * * LOW HITPOINT WARNING * * *
You are too injured to fight recklessly!
You scratch the enormous slime creature.
You claw the enormous slime creature.
The enormous slime creature is almost dead.
The white very ugly thing stings you!
* * * LOW HITPOINT WARNING * * *
The white very ugly thing freezes you! You resist.
You die...

...........### ###.........
.....<....##. ##....###+
..........#... #.)..#
..........##.. ##....#
.......#### #.. #.....#
......##..## #.####....#
.....##....###.†..#....#
.....'†......###Ju#....####
#....##....#..##@##...........
#.....##..###.....#..########.
#......####.#..#.##..#
'...........######.).#
#................))).#
#....................#
#....................#
.....................#
........................


You could see a white very ugly thing and an enormous slime creature.

Vanquished Creatures
  Frances (D:12)
  Agnes (D:14)
  A very ugly thing (D:15)
  Azrael (D:14)
  A minotaur (D:14)
  Snorg (D:10)
  A yaktaur captain (D:13)
  Erolcha (D:11)
  4 hydras
  An ogre mage (Volcano)
  5 catoblepae
  10 two-headed ogres
  7 centaur warriors
  2 boulder beetles
  12 death yaks
  A hell knight (Volcano)
  A tengu warrior (D:13)
  8 skeletal warriors (D:14)
  Lodul (D:14)
  A glowing orange brain (D:15)
  2 bog bodies (Lair:2)
  Pikel (D:9)
  An orc knight (D:12)
  A wizard (D:14)
  2 deep elf pyromancers (D:14)
  5 manticores
  3 cyclopes (D:13)
  6 ugly things
  Joseph (D:8)
  7 elephants
  2 black mambas
  2 ice statues (IceCv)
  3 gargoyles
  2 torpor snails
  13 cane toads
  10 rime drakes
  2 yaktaurs (D:13)
  15 komodo dragons
  An anaconda simulacrum (IceCv)
  7 trolls
  A meliai (D:12)
  A merfolk (shapeshifter) (D:15)
  3 polar bears
  41 blink frogs
  5 dream sheep (Lair:5)
  14 slime creatures
  A wyvern (D:9)
  3 water elementals (D:13)
  2 wraiths
  63 yaks
  7 basilisks
  15 steam dragons
  3 fire elementals (D:14)
  11 vampire mosquitoes
  2 acid dragons
  A hell hound (D:14)
  19 water moccasins
  3 ice beasts
  11 orc warriors
  A sky beast (D:7)
  9 ogres
  5 black bears
  23 centaurs
  11 wolves
  8 kobold brigands
  A lemure (D:9)
  A gnoll sergeant (D:12)
  A scorpion (D:4)
  10 bullfrogs
  A necrophage (D:6)
  6 wights
  2 elephant simulacra (IceCv)
  9 electric eels
  5 howler monkeys
  3 hounds
  3 jellies
  A gnoll bouda (D:6)
  3 orc priests
  Crazy Yiuf (D:4)
  Ijyb (D:3)
  2 iguanas
  17 orc wizards
  A polar bear simulacrum (IceCv)
  8 gnolls
  12 adders
  6 river rats
  A shadow imp (D:6)
  4 white imps
  An ufetubus (D:6)
  4 worms
  3 dart slugs
  60 orcs
  11 ball pythons
  3 bats
  5 endoplasms
  3 giant cockroaches
  5 goblins
  9 hobgoblins
  8 jackals
  6 quokkas
  3 frilled lizards
  10 kobolds
  16 rats
656 creatures vanquished.

Vanquished Creatures (collateral kills)
  4 hydras (Lair:5)
  2 dream sheep (Lair:5)
  A slime creature (D:13)
  2 yaks (Lair:5)
  A wyvern (Lair:5)
  A basilisk (Lair:5)
11 creatures vanquished.

Vanquished Creatures (others)
  An orc wizard (D:13)
  An orc (D:9)
  39 fungi
  64 plants
105 creatures vanquished.

Grand Total: 772 creatures vanquished

Notes
Turn   | Place    | Note
-------+----------+-------------------------------------------
     0 | D:1      | rlgrobin the Troll Ice Elementalist began the quest for the
                  | Orb.
     0 | D:1      | Reached XP level 1. HP: 16/16 MP: 1/1
   147 | D:1      | Reached skill level 1 in Unarmed Combat
   238 | D:1      | Reached XP level 2. HP: 24/24 MP: 2/2
   609 | D:2      | Reached skill level 2 in Unarmed Combat
   703 | D:2      | Reached XP level 3. HP: 31/31 MP: 0/3
   814 | D:2      | Found a faded altar of an unknown god.
   838 | D:2      | Reached skill level 3 in Unarmed Combat
  1238 | D:3      | Reached XP level 4. HP: 34/39 MP: 1/4
  1288 | D:3      | Reached skill level 4 in Unarmed Combat
  1298 | D:3      | Noticed Ijyb
  1308 | D:3      | Killed Ijyb
  1860 | D:3      | Reached XP level 5. HP: 45/45 MP: 5/5
  2182 | D:4      | Identified the +6 spear of Fimbulwinter {spect, Str+3
                  | Int+2}
  2193 | D:4      | Found a snail-covered altar of Cheibriados.
  2197 | D:4      | Became a worshipper of Cheibriados the Contemplative
  2206 | D:4      | Reached skill level 5 in Unarmed Combat
  2485 | D:4      | Found a stormy altar of Qazlal.
  2641 | D:4      | Found a runed translucent door.
  2642 | D:4      | Noticed Crazy Yiuf
  2802 | D:4      | Killed Crazy Yiuf
  2803 | D:4      | Reached skill level 6 in Unarmed Combat
  2803 | D:4      | Reached XP level 6. HP: 39/53 MP: 6/6
  2835 | D:5      | Entered Level 5 of the Dungeon
  3026 | D:5      | Reached * piety under Cheibriados
  3027 | D:5      | Reached skill level 7 in Unarmed Combat
  3066 | D:5      | Found a glowing drain.
  3078 | Sewer    | Entered a sewer
  3102 | Sewer    | Reached skill level 1 in Invocations
  3102 | Sewer    | Reached XP level 7. HP: 59/59 MP: 7/7
  3438 | Sewer    | Reached ** piety under Cheibriados
  4446 | D:6      | Reached skill level 8 in Unarmed Combat
  4475 | D:6      | Reached skill level 1 in Fighting
  4475 | D:6      | Reached XP level 8. HP: 50/70 MP: 9/9
  4903 | D:6      | Found a staircase to the Ecumenical Temple.
  5240 | D:7      | Reached *** piety under Cheibriados
  5344 | D:7      | Learned a level 3 spell: Ozocubu's Armour
  5348 | D:7      | Learned a level 3 spell: Frozen Ramparts
  5618 | D:7      | Found a broken altar of Ashenzari.
  5751 | D:7      | Reached XP level 9. HP: 74/80 MP: 12/12
  5879 | D:8      | Noticed Joseph
  5901 | D:8      | Killed Joseph
  5902 | D:8      | Reached skill level 5 in Ice Magic
  6705 | D:8      | Reached **** piety under Cheibriados
  6706 | D:8      | Reached skill level 5 in Dodging
  6890 | D:9      | Noticed a two-headed ogre
  6901 | D:9      | Killed a two-headed ogre
  6902 | D:9      | Reached skill level 9 in Unarmed Combat
  6902 | D:9      | Reached XP level 10. HP: 81/88 MP: 10/14
  6979 | D:9      | Noticed MackTheKnife's ghost (novice FoWn)
  6981 | D:9      | Found a one-way gate to the infinite horrors of the Abyss.
  6983 | D:9      | Noticed a toenail golem
  7023 | D:9      | Reached skill level 10 in Unarmed Combat
  7075 | D:9      | Noticed Pikel
  7088 | D:9      | Killed Pikel
  7289 | D:9      | Noticed a sun demon
  7290 | D:9      | Noticed a thrashing horror
  7308 | D:9      | Found a transporter.
  7314 | D:9      | Found a transporter.
  7314 | D:9      | Noticed a wizard
  7619 | D:10     | Entered Level 10 of the Dungeon
  7648 | D:10     | Noticed a death yak
  7649 | D:10     | Noticed a death yak
  7649 | D:10     | Noticed a death yak
  7663 | D:9      | Killed a death yak
  7664 | D:9      | Reached skill level 5 in Invocations
  7742 | D:10     | Noticed a two-headed ogre
  7759 | D:10     | Killed a two-headed ogre
  7885 | D:10     | Reached ***** piety under Cheibriados
  7932 | D:10     | Noticed a two-headed ogre
  7945 | D:10     | Killed a two-headed ogre
  7972 | D:10     | Found a staircase to the Lair.
  8020 | D:10     | Killed a death yak
  8021 | D:10     | Reached XP level 11. HP: 85/94 MP: 9/15
  8030 | D:10     | Killed a death yak
  8145 | D:10     | Learned a level 4 spell: Summon Ice Beast
  8177 | D:10     | Noticed Snorg
  8187 | D:10     | Killed Snorg
  8188 | D:10     | Reached skill level 1 in Summonings
  8497 | D:11     | Noticed a two-headed ogre
  8503 | D:11     | Killed a two-headed ogre
  8531 | D:11     | Identified the ring of Raol {AC+4 Dex+4}
  8665 | D:11     | Noticed a two-headed ogre
  8674 | D:11     | Killed a two-headed ogre
  8755 | D:11     | Noticed Erolcha
  8774 | D:11     | Killed Erolcha
  8839 | D:11     | Noticed a cyan ugly thing
  8851 | D:11     | Killed a cyan ugly thing
  9185 | Lair:1   | Entered Level 1 of the Lair of Beasts
  9318 | Lair:1   | Identified the +5 morningstar of Checks and Balances {vamp,
                  | Drain rCorr Int-2 Dex+8}
  9688 | Lair:1   | Reached XP level 12. HP: 104/104 MP: 9/17
  9837 | Lair:1   | Found a hazy altar of Hepliaklqana.
 10078 | Lair:1   | Reached skill level 5 in Spellcasting
 10162 | Lair:1   | Reached ****** piety under Cheibriados
 10568 | Lair:2   | Noticed a catoblepas
 10587 | Lair:2   | Killed a catoblepas
 10594 | Lair:2   | Reached skill level 5 in Fighting
 10722 | Lair:2   | Identified the +8 trident of Soneod {pain, *Noise rElec
                  | rF+++ Int-3}
 10921 | Lair:2   | Found a staircase to the Swamp.
 11038 | Lair:2   | Reached skill level 11 in Unarmed Combat
 11038 | Lair:2   | Reached XP level 13. HP: 127/127 MP: 16/19
 11415 | Lair:2   | Identified the +0 pair of gloves of the Dwarven Hall {*Slow
                  | Will++ Slay+2 Stlth+}
 11424 | Lair:2   | Identified the +10 short sword "Omoal" {protect, rPois rF+
                  | MP+9 Str+3}
 11769 | Lair:3   | Reached skill level 12 in Unarmed Combat
 11786 | Lair:3   | Found a staircase to the Snake Pit.
 12336 | Lair:4   | Found a dark tunnel.
 12341 | Volcano  | Entered a volcano
 12408 | Volcano  | Reached skill level 13 in Unarmed Combat
 12777 | Lair:4   | Reached skill level 14 in Unarmed Combat
 13129 | Lair:4   | Reached XP level 14. HP: 132/136 MP: 14/20
 13463 | Lair:5   | Entered Level 5 of the Lair of Beasts
 13587 | Lair:5   | Noticed Nessos
 13589 | Lair:5   | Nessos changed into Nessos the elephant
 13589 | Lair:5   | Noticed Nessos
 13597 | Lair:5   | Killed Nessos the elephant
 13703 | Lair:5   | Found a staircase to the Slime Pits.
 14147 | Lair:5   | Reached skill level 10 in Dodging
 14598 | Lair:5   | Learned a level 4 spell: Ice Form
 15212 | D:12     | Noticed Frances
 15226 | D:12     | Killed Frances
 15271 | D:12     | Found a frozen archway.
 15306 | IceCv    | Entered an ice cave
 15328 | IceCv    | Found a transporter.
 15343 | IceCv    | Found a transporter.
 15570 | D:12     | Reached XP level 15. HP: 143/143 MP: 19/22
 15615 | D:12     | Identified the +6 war axe "Bougoept" {venom, MP+9 Int+2}
 15809 | D:12     | Identified the +6 mace of Wisdom {spect, rC+ Int+2 Stlth+}
 15882 | D:12     | Found a staircase to the Orcish Mines.
 16311 | D:13     | Found a gate to the Vaults.
 17348 | D:14     | Noticed Agnes
 17365 | D:14     | Killed Agnes
 17500 | D:14     | Noticed Azrael
 17515 | D:14     | Killed Azrael
 17708 | D:14     | Identified the -2 chain mail "Uhoisi" {*Corrode +Blink
                  | rPois Int+2}
 17778 | D:14     | Noticed Lodul
 17784 | D:14     | Killed Lodul
 17807 | D:14     | Found the +18 Lear's hauberk
 17986 | D:15     | Entered Level 15 of the Dungeon
 18160 | D:15     | HP: 1/143 [white very ugly thing (11)]
 18160 | D:15     | Mangled by a white very ugly thing

Illustrated notes

Levels and vault maps discovered:
D:1:      wheals_arrival_shading, layout_loops_ring
D:2:      layout_rooms, nicolae_ecumenical_lake_church, minmay_misc_feat_square
D:3:      layout_loops_corners, minmay_diced_spiral, uniq_ijyb
D:4:      layout_basic, old_standard_altar, mainiacjoe_overflow_brackets,
          uniq_crazy_yiuf_cottage
D:5:      layout_gridville, portal_sewer_entry_e
D:6:      layout_loops_corners, minmay_temple_entry_overgrown,
          kennysheep_decorative_pillar
D:7:      layout_basic, cheibrodos_ashenzari_chains, serial_corexii_hall,
          corexii_hall_statues_u, corexii_hall_statues_l
D:8:      layout_cave_pods, serial_bayou_pond_c, nrook_mini_backslash,
          uniq_joseph
D:9:      layout_basic, gammafunk_ghost_abyssal_escape, uniq_pikel
D:10:     minmay_flawed_box, layout_cave_pools, dpeg_lair_monsters,
          dreamdust_princess_corridor, nicolae_water_bricks, uniq_snorg
D:11:     layout_basic, nicolae_wwwww, uniq_erolcha
D:12:     layout_roguey [special_room_orc],
          kennysheep_orc_monster_closet_entryway,
          portal_ice_cave_entry_animals_and_master, minmay_fractal_squares_5,
          uniq_frances
D:13:     layout_roguey, david_vaults_2, serial_bayou, serial_bayou_pond_b,
          serial_bayou_lake_a, serial_bayou_pond_e, serial_bayou_pond_b,
          drop_trap, hex_medium
D:14:     layout_basic, minmay_misc_feat_iff, minivault_26,
          hellmonk_guarded_unrand_lears, uniq_azrael, uniq_agnes, uniq_lodul
D:15:     gammafunk_enter_depths_forms, layout_irregular_city,
          hangedman_decor_diamond_cutter, chequers_serial_rivers_large_a
Lair:1:   layout_cave_pods, basic_altar, dreamdust_mushroom_princess, pond
Lair:2:   layout_hall_layers, skrybe_swamp_entry_bodies,
          bobbens_dragon_lair_wall
Lair:3:   layout_roguey, minmay_snake_entry_six_corridors, grunt_megastairs_5
Lair:4:   layout_roguey, enter_volcano_4, infiniplex_staircase_pool,
          grunt_megastairs_1
Lair:5:   evilmike_catoblepas_cave, layout_cave_pods,
          nicolae_slime_entry_slimehenge, disabler_island, serial_bayou_shore_b,
          uniq_nessos

Skill      XL: |  1  2  3  4  5  6  7  8  9 10 11 12 13 14 15 |
---------------+----------------------------------------------+-----
Unarmed Combat | 1 2 3 4 6 7 8 9 10 11 14 | 14.5
Invocations    | 1 3 5 8 9 |  9.4
Fighting       | 1 2 8 |  8.3
Ice Magic      | 4 5 7 9 |  9.0
Spellcasting   | 3 4 5 7 |  7.7
Dodging        | 5 6 7 10 | 10.0
Evocations     | 3 |  3.9
Summonings     | 4 |  4.5
Stealth        | |  1.0

Action                     |  1- 3 |  4- 6 |  7- 9 | 10-12 | 13-15 || total
---------------------------+-------+-------+-------+-------+-------++-------
  Melee: Unarmed           |    86 |   165 |   272 |   513 |   912 ||  1948
         Punch             |     1 |     2 |     7 |    43 |   109 ||   162
  Throw: Dart              |       |       |       |     2 |     6 ||     8
   Cast: Freeze            |     6 |     1 |     3 |    10 |     2 ||    22
         Ozocubu's Armour  |       |       |     5 |    31 |    46 ||    82
         Frozen Ramparts   |       |       |       |     9 |    23 ||    32
         Summon Ice Beast  |       |       |       |       |     7 ||     7
 Invoke: Bend Time         |       |       |       |     1 |     1 ||     2
         Temporal Distorti |       |       |       |       |     2 ||     2
         Slouch            |       |       |       |       |     2 ||     2
  Evoke: Wand              |       |     1 |     1 |     1 |    27 ||    30
    Use: Scroll            |       |     8 |    13 |     4 |     7 ||    32
         Potion            |       |       |     1 |       |     4 ||     5
   Stab: Sleeping          |     1 |       |     3 |     1 |     4 ||     9
         Distracted        |       |     1 |       |     1 |     2 ||     4
         Petrified         |       |       |       |     2 |       ||     2
         Petrifying        |       |       |       |       |     2 ||     2
 Armour: Robe              |    25 |    57 |    69 |    12 |       ||   163
         Steam dragon scal |       |       |       |    29 |       ||    29
         Troll leather arm |       |       |       |   172 |   343 ||   515
  Dodge: Dodged            |    29 |    48 |   131 |   326 |   707 ||  1241
  Block: Other             |       |       |    22 |   110 |   187 ||   319
         Reflection        |       |       |     1 |     3 |     8 ||    12

Table legend: (Time is in decaauts)
 A = Elapsed time spent in this place.
 B = Non-inter-level travel time spent in this place.
 C = Inter-level travel time spent in this place.
 D = Time resting spent in this place.
 E = Time spent auto-exploring this place.
 F = Levels seen in this place.
 G = Mean time per level.
                   A        B        C        D        E       F      G
               +--------+--------+--------+--------+--------+-----+--------+
         Total |  26864 |  25520 |   1344 |    913 |  18038 |  23 | 1168.0 |
       Dungeon |  15994 |  15263 |    731 |    484 |  11110 |  15 | 1066.3 |
          Lair |   9310 |   8697 |    613 |    303 |   6057 |   5 | 1862.0 |
         Sewer |    940 |    940 |      0 |     11 |    640 |   1 |  940.0 |
      Ice Cave |    235 |    235 |      0 |    100 |      0 |   1 |  235.0 |
       Volcano |    383 |    383 |      0 |     13 |    230 |   1 |  383.0 |
               +--------+--------+--------+--------+--------+-----+--------+

Top non-repeatable levels by time:
  Lair:5: 2577 daAuts
  Lair:1: 2160 daAuts
  Lair:2: 1648 daAuts
  Lair:4: 1583 daAuts
     D:8: 1534 daAuts
    D:14: 1448 daAuts
    D:13: 1414 daAuts
  Lair:3: 1340 daAuts
    D:12: 1327 daAuts
     D:9: 1283 daAuts
    D:11: 1268 daAuts
     D:6: 1260 daAuts
    D:10: 1174 daAuts
     D:5: 1038 daAuts
     D:7: 991 daAuts
